cohdb
Replays
Latest Replays
All Replays
Popular Replays
Top Player Replays
Match Explorer
How It Works
Community
CoH3 Stats
Reddit
Sign in to upload your games and track your stats! →
Sign in with Steam
Match 39014662
Unlisted
Match 39014662
Overview
Messages
Build Orders
End
Royal Engineer Section
Construct Section Command Post
Infantry Section
Infantry Section
Selects Indian Artillery Battlegroup
Infantry Section
Grenade Package
Selects Towed ML 4.2-inch Heavy Mortar
Towed ML 4.2-inch Heavy Mortar
Infantry Section
Construct Platoon Command Post
Selects Off-map Airburst Barrage
6-pounder Anti-tank Gun Team
6-pounder Anti-tank Gun Team
Selects BL5.5 Artillery Emplacement
Royal Engineer Section
Selects Valour
Selects Gurkha Rifles Section
Off-map Airburst Barrage
Off-map Airburst Barrage
xKOZIx
Airman
76561199578421658
MILKA
UH|XTC
Eightyseven
Papi micky
xSivasLee.
0
0
Comments
sign in to comment!
No comments posted yet!